 Dungeon Crawl Stone Soup version 0.26.1-11-gd32895ea62 (webtiles) character file.

Game seed: 7647326145606994830

4468 Zeld the Cruncher (level 10, -7/60 HPs)
             Began as an Octopode Gladiator on May 23, 2021.
             Was a Believer of Okawaru.
             Killed by divine providence
             ... invoked by an orc priest
              (11 damage)
             ... on level 8 of the Dungeon.
             The game lasted 00:12:41 (13548 turns).

Zeld the Cruncher (Octopode Gladiator)             Turns: 13548, Time: 00:12:41

Health: -7/60      AC:  2    Str: 17    XL:     10   Next: 37%
Magic:  19/19      EV: 14    Int: 10    God:    Okawaru [**....]
Gold:   125        SH:  0    Dex: 14    Spells: 9/9 levels left

rFire    + . .     SeeInvis .   a - +0 quarterstaff
rCold    . . .     Faith    .   (shield currently unavailable)
rNeg     . . .     Spirit   .   b - +1 hat
rPois    .         Reflect  .   (no amulet)
rElec    .         Harm     .   n - ring of magical power
rCorr    .         Rampage  .   q - ring of protection from fire
Will     .....                  (no ring)
Stlth    ++........             (no ring)
HPRegen  0.20/turn              (no ring)
MPRegen  0.16/turn              (no ring)
                                (no ring)
                                (no ring)

@: no status effects
A: almost no armour, stealthy swim, amphibious, 8 rings, constrict 8, camouflage
1, gelatinous body 1
a: Renounce Religion, Heroism


You were on level 8 of the Dungeon.
You worshipped Okawaru.
Okawaru was pleased with you.
You visited 2 branches of the dungeon, and saw 9 of its levels.

You collected 431 gold pieces.
You spent 306 gold pieces at shops.

Inventory:

Hand Weapons
 a - a +0 quarterstaff (weapon)
Missiles
 c - 4 throwing nets
 d - 3 curare-tipped darts
 j - 39 poisoned darts (quivered)
 u - 4 boomerangs
Armour
 b - a +1 hat (worn)
Jewellery
 n - a ring of magical power (left tentacle)
 q - a ring of protection from fire (right tentacle)
Wands
 o - a wand of iceblast (5)
 p - a wand of disintegration (15)
Scrolls
 g - 2 scrolls of remove curse
 y - a scroll of magic mapping
 D - a scroll of amnesia {unknown}
Potions
 e - 2 potions of degeneration {unknown}
 f - 6 potions of curing
 i - a potion of flight {unknown}
 k - 3 potions of invisibility {unknown}
 m - a potion of lignification {unknown}
 r - a potion of might
 t - a potion of heal wounds {unknown}
 v - a potion of haste
 z - a potion of mutation {unknown}
 A - a potion of attraction {unknown}
 B - a potion of berserk rage {unknown}


   Skills:
 - Level 2.0 Fighting
 - Level 14.0 Staves
 * Level 5.5 Throwing
 - Level 3.0 Dodging


You had 9 spell levels left.
You didn't know any spells.
Your spell library was empty.

Dungeon Overview and Level Annotations

Branches:
Dungeon (8/15)             Temple (1/1) D:6            Lair (0/6) D:8

Altars:
Ashenzari
Cheibriados
Dithmenos
Elyvilon
Fedhas
Gozag
Kikubaaqudgha
Makhleb
Nemelex Xobeh
Okawaru
Qazlal
Ru
Sif Muna
Trog
Uskayaw
Vehumet
Wu Jian
Xom
Yredelemnul
Zin
The Shining One

Shops:
D:4 *   D:6 [


Innate Abilities, Weirdness & Mutations

You cannot wear most types of armour.
You are very stealthy in the water. (Stealth+)
You are amphibious.
You can wear up to eight rings at the same time.
You can use your tentacles to constrict eight enemies at once.
Your skin changes colour to match your surroundings (Stealth+).
Your rubbery body absorbs attacks. (AC +1, EV +1)


Message History

An orc priest comes into view. It is wielding a +0 mace.
The orc priest shouts!
An orc comes into view. It is wielding a +0 whip.
The orc shouts!
The bullfrog croaks.
A gnoll comes into view. It is wielding a -3 halberd.
The gnoll shouts!
You hear an angry buzzing noise.
The bullfrog closely misses you. The orc barely misses you.
A gnoll sergeant comes into view.
It is wielding a +0 battleaxe, quivering 6 poisoned darts and carrying a wand of iceblast (9).
The bullfrog closely misses you.
The troll moves out of view.
Found a stone staircase leading down.
Blink to where?
Press: ? - help, Dir - move target
As you read the scroll of blinking, it crumbles to dust.
Unknown command.
The orc priest mumbles some strange prayers to Beogh against you.
Beogh smites you!
* * * LOW HITPOINT WARNING * * *
The orc priest invokes the aid of Beogh against you.
Beogh smites you!
You die...

#...# #: #.....
#...# #) .....
#...# #[ . ....
#...#########. ..
#...
#...........#.
...#.#.
............#.
.......###
#.#.######....
.........#......
#..##
........@....#
#..##
.......>....#.###
#..##
...........# #
#..# ..........#
#..# #....o.F..#
#..# ...g
#.........# #..#
...
.###.O.......#
#.o# ...
gg...o.o.....#.
#.o#


.Jg #....ยง....... #{o# You could see an ogre, a bullfrog, an orc priest and 2
orcs.

Vanquished Creatures
  A two-headed ogre (D:8)
  Erica (D:8)
  A troll (D:8)
  Grinder (D:5)
  Duvessa (D:7)
  A water moccasin (D:5)
  A black bear (D:8)
  A sky beast (D:5)
  A necrophage (D:5)
  2 ogres
  A phantom (D:7)
  2 centaurs
  A big kobold (D:5)
  Blork the orc (D:5)
  4 bullfrogs
  Dowan (D:7)
  2 scorpions
  8 wights
  A howler monkey (D:4)
  A quasit (D:8)
  6 orc wizards
  4 orc priests
  4 hounds
  Terence (D:2)
  3 iguanas
  4 worker ants
  A hound skeleton (D:8)
  A howler monkey zombie (D:5)
  7 gnolls
  9 adders
  2 shadow imps (D:6)
  A white imp (D:6)
  2 ufetubi
  2 oozes
  5 worms
  2 dart slugs (D:1)
  5 leopard geckos
  25 orcs
  5 giant cockroaches
  8 hobgoblins
  8 jackals
  3 quokkas
  3 ball pythons
  12 bats
  5 frilled lizards
  A giant cockroach zombie (D:6)
  4 goblins
  27 kobolds
  A leopard gecko skeleton (D:8)
  11 rats
  A spectral orc (D:6)
206 creatures vanquished.

Vanquished Creatures (others)
  39 plants (D:5)
39 creatures vanquished.

Grand Total: 245 creatures vanquished

Notes
Turn   | Place    | Note
-------+----------+-------------------------------------------
     0 | D:1      | Zeld the Octopode Gladiator began the quest for the Orb.
     0 | D:1      | Reached XP level 1. HP: 14/14 MP: 1/1
   176 | D:1      | Reached XP level 2. HP: 11/19 MP: 2/2
   569 | D:1      | Reached skill level 4 in Staves
   703 | D:1      | Reached XP level 3. HP: 24/24 MP: 3/3
  1360 | D:2      | Noticed Terence
  1368 | D:2      | Killed Terence
  1369 | D:2      | Reached XP level 4. HP: 29/29 MP: 4/4
  1370 | D:2      | Reached skill level 5 in Staves
  1856 | D:2      | Reached XP level 5. HP: 27/34 MP: 5/5
  1931 | D:2      | Reached skill level 6 in Staves
  2551 | D:2      | Reached XP level 6. HP: 39/39 MP: 6/6
  3470 | D:3      | Reached skill level 7 in Staves
  3556 | D:3      | Found a faded altar of an unknown god.
  4130 | D:4      | Found Yngit's Assorted Antiques.
  4135 | D:4      | Bought a scroll labelled WYTHEI VOMISH for 26 gold pieces
  4135 | D:4      | Bought a scroll labelled XETAUMPOSI for 26 gold pieces
  4135 | D:4      | Bought a scroll labelled WYTHEI VOMISH for 26 gold pieces
  4135 | D:4      | Bought a scroll labelled GIKAYR OLLERCH for 26 gold pieces
  4135 | D:4      | Bought a scroll labelled POMOENATZO for 26 gold pieces
  4135 | D:4      | Bought a white potion for 23 gold pieces
  4145 | D:4      | Reached XP level 7. HP: 38/45 MP: 7/7
  4199 | D:4      | Reached skill level 8 in Staves
  4645 | D:4      | Found an opulent altar of Gozag.
  4713 | D:4      | Noticed a moth of wrath
  4723 | D:4      | Found a bloodstained altar of Trog.
  5346 | D:5      | Entered Level 5 of the Dungeon
  5411 | D:5      | Reached skill level 9 in Staves
  5600 | D:5      | Reached XP level 8. HP: 8/50 MP: 8/8
  6269 | D:5      | Noticed Blork the orc
  6277 | D:5      | Killed Blork the orc
  6278 | D:5      | Reached skill level 10 in Staves
  6281 | D:5      | Noticed Grinder
  7003 | D:5      | Killed Grinder
  7777 | D:5      | Reached skill level 11 in Staves
  8334 | D:5      | Found a shimmering blue altar of Sif Muna.
  8718 | D:6      | Found a basalt altar of Yredelemnul.
  8723 | D:6      | Reached XP level 9. HP: 54/54 MP: 9/9
  8758 | D:6      | Found a staircase to the Ecumenical Temple.
  8769 | Temple   | Entered the Ecumenical Temple
  8930 | Temple   | Became a worshipper of Warmaster Okawaru
  9205 | D:6      | Found Xuptytt's Antique Armour Shop.
  9405 | D:4      | Bought an emerald ring for 130 gold pieces
  9405 | D:4      | Bought a fuming cyan potion for 23 gold pieces
  9624 | D:6      | Found a shadowy altar of Dithmenos.
  9884 | D:6      | Found a burning altar of Makhleb.
 10148 | D:5      | Reached skill level 12 in Staves
 10470 | D:7      | Noticed Duvessa
 10471 | D:7      | Noticed Dowan
 10474 | D:7      | Reached * piety under Okawaru
 10482 | D:7      | Killed Duvessa
 11330 | D:7      | Killed Dowan
 11350 | D:7      | Noticed a +0 hand axe
 11351 | D:7      | Found a hide-covered altar of Uskayaw.
 11351 | D:7      | Noticed a +0 dagger
 11453 | D:7      | Found a white marble altar of Elyvilon.
 12352 | D:8      | Noticed a troll
 12370 | D:8      | HP: 2/54 [troll (5)]
 12374 | D:8      | Killed a troll
 12375 | D:8      | Reached skill level 13 in Staves
 12667 | D:8      | Reached ** piety under Okawaru
 12794 | D:8      | Noticed a two-headed ogre
 12813 | D:8      | Killed a two-headed ogre
 12814 | D:8      | Reached skill level 14 in Staves
 12814 | D:8      | Reached XP level 10. HP: 22/60 MP: 10/10
 13016 | D:8      | Noticed Erica
 13031 | D:8      | Killed Erica
 13032 | D:8      | Reached skill level 5 in Throwing
 13534 | D:8      | Found a staircase to the Lair.
 13547 | D:8      | HP: 3/60 [orc priest/divine providence (13)]
 13548 | D:8      | Killed from afar by an orc priest

Illustrated notes

Levels and vault maps discovered:
D:1:      lightli_molten_gateway, layout_basic
D:2:      layout_basic, uniq_terence
D:3:      layout_rooms, chequers_ecumenical_altar_simple
D:4:      layout_loops_cross, tgw_trog, serial_shops, shop_fountains,
          grunt_gozag_statues
D:5:      kennysheep_kobold_camp, layout_basic, tgw_sif, uniq_grinder,
          uniq_blork_the_orc
D:6:      layout_gridville, lemuel_coloured_pillars_altar,
          yredelemnul_forgotten_temple_becter, kennysheep_mini_moat,
          minmay_temple_entry_slanted, serial_shops, shop
D:7:      layout_basic, dancing_weapons_uskayaw, elyvilon_altar_1,
          kennysheep_minor_cross, uniq_duvessa
D:8:      layout_basic, erik_lair_island, minmay_manual_monstrance, uniq_erica
Temple:   minmay_temple_curvy_branch

Skill      XL: |  1  2  3  4  5  6  7  8  9 10 |
---------------+-------------------------------+-----
Staves         | 4 5 6 7 9 11 14 | 14.0
Throwing       | 3 5 |  5.5
Fighting       | |  2.0
Dodging        | |  3.0

Action                   |  1- 3 |  4- 6 |  7- 9 | 10-12 || total
-------------------------+-------+-------+-------+-------++-------
Melee: Quarterstaff      |    58 |   125 |   361 |    21 ||   565
       Constrict         |    14 |    31 |   101 |     2 ||   148
       Tentacles         |     7 |    21 |    90 |     7 ||   125
Throw: Dart              |       |       |       |     9 ||     9
Invok: Heroism           |       |       |     2 |       ||     2
Evoke: Wand              |       |       |     6 |       ||     6
  Use: Potion            |       |     1 |     4 |     1 ||     6
       Scroll            |       |       |    15 |     4 ||    19
 Stab: Sleeping          |     8 |     1 |     4 |     1 ||    14
       Distracted        |       |       |     1 |       ||     1
Armor: Skin              |     6 |     9 |    21 |     1 ||    37
Dodge: Dodged            |    38 |    95 |   185 |    15 ||   333
